 Dungeon Crawl Stone Soup version 0.27-a0-686-gaed091b46b (webtiles) character file.

Game seed: 17391251961808978831

8505 jasper the Grappler (level 11, -31/72 (86) HPs)
             Began as a Demonspawn Delver on Mar 21, 2021.
             Was a Priest of Uskayaw.
             Killed from afar by Nergalle (46 damage)
             ... with a bolt of negative energy
             ... on level 10 of the Dungeon.
             The game lasted 00:20:14 (11029 turns).

jasper the Grappler (Demonspawn Delver)            Turns: 11029, Time: 00:20:15

HP:   -31/72 (86)   AC:  8    Str: 16    XL:     11   Next: 10%
MP:   18/18         EV: 11    Int: 12    God:    Uskayaw [***...]
Gold: 925           SH:  0    Dex: 14    Spells: 10/10 levels left

rFire    . . .     SeeInvis .     - Unarmed
rCold    . . .     Faith    .   (no shield)
rNeg     . . .     Spirit   .   A - +2 ring mail {rPois}
rPois    +         Reflect  .   (no helmet)
rElec    .         Harm     .   (no cloak)
rCorr    .         Rampage  .   (no gloves)
Will     +....                  (no boots)
Stlth    ++........             l - amulet of regeneration
HPRegen  1.22/turn              s - ring of willpower
MPRegen  0.16/turn              L - ring of poison resistance

@: heavily drained
A: claws 2, foul stench 1
a: Renounce Religion, Stomp, Line Pass


You were on level 10 of the Dungeon.
You worshipped Uskayaw.
Uskayaw was aware of your devotion.
You visited 2 branches of the dungeon, and saw 12 of its levels.
You also visited: Sewer and Bailey.

You collected 925 gold pieces.

Inventory:

Hand Weapons
 I - a +1 broad axe
Missiles
 i - 220 stones
 n - 14 javelins
 u - 18 poisoned darts (quivered)
 x - 36 boomerangs
Armour
 a - a +0 leather armour
 g - a +0 ring mail
 k - a +1 scale mail
 A - a +2 ring mail of poison resistance (worn)
Jewellery
 l - an amulet of regeneration (around neck)
 q - an amulet of guardian spirit
 s - a ring of willpower (right claw)
 F - a +6 ring of intelligence
 K - a ring of protection from cold
 L - a ring of poison resistance (left claw)
Wands
 f - a wand of digging (3)
 h - a wand of iceblast (3)
 w - a wand of polymorph (12)
 E - a wand of paralysis (1)
Scrolls
 b - 4 scrolls of fog
 c - a scroll of magic mapping
 d - 2 scrolls of fear
 j - 2 scrolls of silence
 r - 3 scrolls of amnesia
 y - 7 scrolls of teleportation
 J - a scroll of enchant armour
Potions
 e - 4 potions of haste
 m - 6 potions of curing
 o - 3 potions of heal wounds
 t - a potion of lignification
 v - a potion of invisibility
 z - 2 potions of resistance
 B - 2 potions of ambrosia
 C - a potion of attraction {unknown}
 D - a potion of magic {unknown}
 G - a potion of cancellation {unknown}
 H - a potion of mutation {unknown}
Miscellaneous
 p - a box of beasts


   Skills:
 + Level 8.3 Fighting
 + Level 6.8 Armour
 - Level 2.0 Dodging
 - Level 4.5 Stealth
 * Level 10.3 Unarmed Combat
 + Level 9.9 Invocations
 - Level 0.6 Evocations


You had 10 spell levels left.
You didn't know any spells.
Your spell library contained the following spells:

 Spells                   Type           Power      Damage    Failure   Level
 Animate Skeleton         Necr           0%         N/A       50%         1
 Foxfire                  Conj/Fire      0%         2x1d4     50%         1
 Magic Dart               Conj           0%         1d3       50%         1
 Pain                     Necr           0%         1d4       50%         1
 Sandblast                Erth           0%         2d4       50%         1
 Blink                    Tloc           N/A        N/A       65%         2
 Call Imp                 Summ           0%         N/A       65%         2
 Passwall                 Tmut/Erth      0%         N/A       65%         2
 Poisonous Vapours        Pois/Air       0%         N/A       65%         2
 Slow                     Hex            0%         N/A       65%         2
 Sublimation of Blood     Necr           0%         N/A       65%         2
 Conjure Flame            Conj/Fire      0%         6-21      86%         3
 Inner Flame              Hex/Fire       0%         N/A       86%         3
 Mephitic Cloud           Conj/Pois/Air  0%         N/A       86%         3
 Vampiric Draining        Necr           0%         2d6       86%         3
 Sticky Flame             Conj/Fire      0%         2d3       99%         4
 Borgnjor's Vile Clutch   Necr/Erth      0%         N/A       100%        5
 Fireball                 Conj/Fire      0%         3d3       100%        5
 Lee's Rapid Deconstruct  Erth           0%         3d5*      100%        5
 Hydra Form               Tmut           0%         N/A       100%        6


Dungeon Overview and Level Annotations

Branches:
Dungeon (11/15)            Temple (1/1) D:4           Sewer (visited)
 Bailey (visited)
   Lair: D:8-11         Orc: D:9-12

Altars:
Ashenzari
Cheibriados
Dithmenos
Elyvilon
Fedhas
Gozag
Hepliaklqana
Kikubaaqudgha
Makhleb
Nemelex Xobeh
Okawaru
Qazlal
Ru
Sif Muna
Trog
Uskayaw
Vehumet
Wu Jian
Xom
Yredelemnul
Zin
The Shining One

Shops:
D:9 :

Annotations:
D:3 2 transporters, Darkuwa's ghost, amateur MiBe
D:5 2 runed translucent doors
D:10 Nergalle


Innate Abilities, Weirdness & Mutations

You have very sharp fingernails.
You may rarely emit foul miasma when damaged in melee.


Message History

Nergalle is moderately wounded.
Nergalle casts a spell at you. The bolt of negative energy hits you!!
You feel drained.
You take 18 damage, and have 41/83 hp.
MASSIVE DAMAGE!!
You completely miss Nergalle.
Nergalle is moderately wounded.
Nergalle hits you but does no damage.
You scratch Nergalle but do no damage. You claw Nergalle, but do no damage.
Nergalle is moderately wounded.
You scratch Nergalle. You claw Nergalle, but do no damage.
Nergalle is moderately wounded.
Nergalle barely misses you.
You claw Nergalle!
Nergalle is heavily wounded.
Nergalle closely misses you.
Uskayaw will force your foes to helplessly watch your dance.
Uskayaw prepares the audience for your solo!
The helpless Nergalle fails to defend herself.
You scratch Nergalle but do no damage.
Nergalle is heavily wounded.
The helpless Nergalle fails to defend herself.
You scratch Nergalle but do no damage.
Nergalle is heavily wounded.
Nergalle is no longer paralysed.
Nergalle hits you with a +0 dagger.
You take 4 damage, and have 42/83 hp.
You claw Nergalle!
Nergalle is severely wounded.
You scratch Nergalle.
Nergalle is severely wounded.
You are no longer corroded.
Nergalle points at you and mumbles some strange words.
The bolt of negative energy hits you!!
You feel drained.
* * * LOW HITPOINT WARNING * * *
You take 29 damage, and have 14/78 hp.
MASSIVE DAMAGE!!
You scratch Nergalle but do no damage.
Nergalle is severely wounded.
Nergalle casts a spell at you. The bolt of negative energy hits you!!!
You feel drained.
Ouch! That really hurt!
You die...

,* ,* ########
.......# .......#
.......# .......#
.......###########
...............o@#
.......##.######†#
.#...(###.# ####.#
,#....# #.# #....#
....###*#.#*#.####
....* *...,#,*
....****...,,,*
..,,,,,,...,****
,,,,,,,,,,,,,,,*


You could see Nergalle.

Vanquished Creatures
  A queen ant (D:8)
  An orc knight (Bailey)
  An orc sorcerer (D:10)
  A human (D:9)
  2 wyverns
  4 hogs (D:9)
  Edmund (D:5)
  8 soldier ants (D:8)
  3 water moccasins
  2 ice beasts
  4 sky beasts
  3 orc warriors
  A necrophage (D:6)
  4 ogres
  3 centaurs
  3 kobold brigands (Sewer)
  3 phantoms
  Blork the orc (D:5)
  3 bullfrogs
  A water moccasin skeleton (D:9)
  2 killer bees (D:10)
  2 scorpions
  11 wights
  3 howler monkeys
  A bullfrog zombie (D:6)
  A quasit (D:6)
  3 jellies
  5 orc priests
  4 hounds
  A bullfrog skeleton (D:5)
  A centaur zombie (D:5)
  3 iguanas
  8 orc wizards
  31 worker ants
  A hound skeleton (D:9)
  14 adders
  2 howler monkey skeletons
  2 shadow imps
  2 white imps (D:6)
  3 ufetubi
  3 oozes
  An adder skeleton (D:9)
  3 worms
  A dart slug (D:1)
  5 leopard geckos
  28 orcs
  5 ball pythons
  4 giant cockroaches
  8 goblins
  8 hobgoblins
  11 jackals
  7 quokkas
  7 bats
  6 frilled lizards
  22 kobolds
  A leopard gecko skeleton (D:4)
  3 leopard gecko zombies (D:5)
  A quokka skeleton (D:8)
  9 rats
283 creatures vanquished.

Notes
Turn   | Place    | Note
-------+----------+-------------------------------------------
     0 | D:5      | jasper the Demonspawn Delver began the quest for the Orb.
     0 | D:5      | Reached XP level 1. HP: 18/18 MP: 1/1
     4 | D:5      | Found a large runed translucent door.
     9 | D:5      | Found a large runed translucent door.
    10 | D:5      | Noticed an ogre
    11 | D:5      | Noticed Edmund
   140 | D:5      | Identified Sif Muna's Guide on the Mutagenic Rocks
   180 | D:5      | Found a large runed translucent door.
   180 | D:5      | Found a large runed translucent door.
   190 | D:5      | Reached skill level 2 in Unarmed Combat
   385 | D:5      | Noticed a phantom
   663 | D:4      | Found a staircase to the Ecumenical Temple.
   667 | D:4      | Noticed a worker ant
   672 | Temple   | Entered the Ecumenical Temple
   915 | Temple   | Became a worshipper of Uskayaw the Reveller
   953 | D:4      | Reached * piety under Uskayaw
   955 | D:4      | Reached ** piety under Uskayaw
   957 | D:4      | Gained mutation: You have sharp fingernails. [demonic
                  | ancestry]
   957 | D:4      | Reached XP level 2. HP: 19/24 MP: 2/2
  1082 | D:4      | Reached *** piety under Uskayaw
  1083 | D:4      | Reached skill level 3 in Unarmed Combat
  1083 | D:4      | Reached skill level 1 in Invocations
  1083 | D:4      | Gained mutation: You have very sharp fingernails. [demonic
                  | ancestry]
  1083 | D:4      | Reached XP level 3. HP: 24/29 MP: 3/3
  1083 | D:4      | Reached **** piety under Uskayaw
  1837 | D:1      | Reached XP level 4. HP: 28/35 MP: 5/5
  2287 | D:1      | Identified the Incunabulum of Evil Rituals and Intoxication
  2509 | D:1      | Reached skill level 1 in Armour
  3041 | D:2      | Reached XP level 5. HP: 34/41 MP: 1/6
  3770 | D:3      | Found an ancient bone altar of Kikubaaqudgha.
  3771 | D:3      | Found a snail-covered altar of Cheibriados.
  3778 | D:3      | Found a hazy altar of Hepliaklqana.
  3778 | D:3      | Found a broken altar of Ashenzari.
  3816 | D:3      | Noticed an ogre
  3817 | D:3      | Noticed Darkuwa's ghost (amateur MiBe)
  3828 | D:3      | Found a transporter.
  3829 | D:3      | Noticed an ogre
  3834 | D:3      | Found a transporter.
  4038 | D:3      | Found a basalt altar of Yredelemnul.
  4474 | D:4      | Found an ornate altar of the Wu Jian Council.
  4474 | D:4      | Found a burning altar of Makhleb.
  4642 | D:4      | Found a shimmering altar of Xom.
  4977 | D:4      | Reached skill level 4 in Unarmed Combat
  5530 | D:4      | Reached XP level 6. HP: 40/48 MP: 6/8
  5974 | D:5      | Noticed a water moccasin
  5979 | D:5      | Killed a water moccasin
  6298 | D:5      | Noticed Blork the orc
  6312 | D:5      | Killed Blork the orc
  6313 | D:5      | Gained mutation: You may rarely emit foul miasma when
                  | damaged in melee. [demonic ancestry]
  6313 | D:5      | Reached XP level 7. HP: 47/55 MP: 9/9
  6337 | D:5      | Reached skill level 5 in Unarmed Combat
  6546 | D:5      | Killed Edmund
  6644 | D:6      | Reached skill level 5 in Fighting
  6644 | D:6      | Reached XP level 8. HP: 23/62 MP: 11/11
  6656 | D:6      | Reached skill level 6 in Unarmed Combat
  6656 | D:6      | Reached skill level 5 in Invocations
  6744 | D:6      | Found a glowing drain.
  6748 | Sewer    | Entered a sewer
  7270 | D:6      | Reached ***** piety under Uskayaw
  7327 | D:6      | Reached skill level 7 in Unarmed Combat
  7384 | D:6      | Reached XP level 9. HP: 64/68 MP: 9/13
  8840 | D:8      | Reached skill level 5 in Armour
  8840 | D:8      | Reached skill level 8 in Unarmed Combat
  9226 | D:8      | Noticed a queen ant
  9233 | D:8      | Killed a queen ant
  9234 | D:8      | Reached skill level 9 in Unarmed Combat
  9234 | D:8      | Reached XP level 10. HP: 67/79 MP: 14/16
  9691 | D:9      | Found Rokias's Book Shop.
 10413 | D:10     | Entered Level 10 of the Dungeon
 10420 | D:10     | Noticed a death knight
 10425 | D:10     | Reached skill level 10 in Unarmed Combat
 10544 | D:10     | Found a flagged portal.
 10560 | Bailey   | Entered a bailey
 10677 | Bailey   | Noticed an orc knight
 10689 | Bailey   | Killed an orc knight
 10726 | Bailey   | Found an iron altar of Okawaru.
 10769 | Bailey   | Identified the +4 shortbow of the Crushed Friars {freeze,
                  | rF+++ Will++ Dex-5 Stlth+}
 10802 | D:10     | Reached XP level 11. HP: 86/86 MP: 18/18
 10822 | D:10     | Noticed an orc sorcerer
 10833 | D:10     | Killed an orc sorcerer
 10904 | D:10     | Noticed an orc knight
 10911 | D:10     | Noticed a boulder beetle
 10914 | D:10     | Noticed a swamp dragon
 10918 | D:10     | Noticed a deep elf pyromancer
 10949 | D:11     | Noticed Nergalle
 11029 | D:10     | Killed from afar by Nergalle

Illustrated notes

Levels and vault maps discovered:
D:1:      psy_arrival_basics, layout_rooms
D:2:      cheibrodos_pilgrimage, layout_basic
D:3:      layout_loops_ring, kennysheep_ying_yang, grunt_temple_overflow_open,
          gammafunk_ghost_smash
D:4:      layout_basic, amethyst_overflow_temple_binary,
          minmay_temple_entry_tees, chequers_serial_rivers_micro_d,
          xom_teletrap_fun
D:5:      layout_loops_ring, minmay_hollow_rounded_squares, uniq_blork_the_orc,
          uniq_edmund
D:6:      layout_basic, gup_sewer_entry_bowl
D:7:      layout_loops_ring, st_stairs_5
D:8:      layout_loops_ring, zaba_antful_of_joy
D:9:      layout_roguey, serial_shops, shop, kennysheep_nondescript,
          grunt_livestock
D:10:     minmay_the_grid_3x3 [minmay_the_grid_medium_cups,
          minmay_the_grid_minigrid_small, minmay_the_grid_all_tris,
          minmay_the_grid_spikes, minmay_the_grid_tri_star, minmay_the_grid_x,
          minmay_the_grid_dragon_a, minmay_the_grid_aliased_spiral,
          minmay_the_grid_prize_four_corners], layout_basic, enter_bailey_3
D:11:     minmay_s_stair_smasher, layout_small_grid, erik_lair_orcish_takeover,
          orc_0_dummy, serial_shops, nicolae_shop_behind_doors, uniq_nergalle,
          uniq_harold
Temple:   dpeg_chambers_temple

Skill      XL: |  1  2  3  4  5  6  7  8  9 10 |
---------------+-------------------------------+-----
Unarmed Combat | 2 3 4 5 7 9 10 | 10.3
Dodging        | 2 |  2.0
Invocations    | 1 2 3 4 6 8 9 |  9.9
Armour         | 1 2 3 4 5 6 |  6.8
Fighting       | 4 5 7 8 |  8.3
Stealth        | |  4.5
Evocations     | |  0.6

Action                   |  1- 3 |  4- 6 |  7- 9 | 10-12 || total
-------------------------+-------+-------+-------+-------++-------
Melee: Unarmed           |    95 |   193 |   389 |   224 ||   901
       Punch             |     2 |     1 |    12 |    14 ||    29
Throw: Stone             |    39 |    42 |       |       ||    81
       Dart              |       |    60 |    72 |    53 ||   185
Invok: Stomp             |       |     2 |     4 |     4 ||    10
Evoke: Wand              |       |     3 |     7 |    21 ||    31
  Use: Potion            |     1 |       |     3 |     2 ||     6
       Scroll            |       |     8 |     2 |     6 ||    16
 Stab: Sleeping          |     2 |       |     2 |     1 ||     5
       Paralysed         |     1 |     3 |    14 |    14 ||    32
Armor: Ring mail         |    12 |       |   115 |    55 ||   182
       Skin              |    13 |       |       |       ||    13
       Scale mail        |     8 |    62 |     3 |       ||    73
Dodge: Dodged            |    29 |    72 |   181 |   124 ||   406

Table legend: (Time is in decaauts)
 A = Elapsed time spent in this place.
 B = Non-inter-level travel time spent in this place.
 C = Inter-level travel time spent in this place.
 D = Time resting spent in this place.
 E = Time spent auto-exploring this place.
 F = Levels seen in this place.
 G = Mean time per level.
                   A        B        C        D        E       F      G
               +--------+--------+--------+--------+--------+-----+--------+
         Total |  11011 |  10635 |    376 |   1152 |   7072 |  14 |  786.5 |
       Dungeon |  10119 |   9802 |    317 |   1119 |   6641 |  11 |  919.9 |
        Temple |    270 |    211 |     59 |      0 |    209 |   1 |  270.0 |
         Sewer |    408 |    408 |      0 |      0 |    200 |   1 |  408.0 |
        Bailey |    213 |    213 |      0 |     33 |     21 |   1 |  213.0 |
               +--------+--------+--------+--------+--------+-----+--------+

Top non-repeatable levels by time:
     D:4: 1774 daAuts
     D:5: 1390 daAuts
     D:2: 1168 daAuts
     D:6: 1046 daAuts
     D:1: 1027 daAuts
     D:3: 933 daAuts
     D:8: 929 daAuts
     D:9: 828 daAuts
     D:7: 749 daAuts
   Sewer: 408 daAuts
  Temple: 270 daAuts
    D:10: 263 daAuts
  Bailey: 213 daAuts
    D:11: 8 daAuts
